 Dungeon Crawl Stone Soup version 0.29.1-1-gd02db6906a (webtiles) character file.

Game seed: 18403865673229148159

615 Demigod47 the Chopper (level 7, -6/60 HPs)
             Began as a Minotaur Fighter on Oct 11, 2022.
             Mangled by a fire elemental (12 damage)
             ... created by the adversity of Qazlal
             ... on level 3 of the Dungeon.
             The game lasted 00:04:19 (3151 turns).

Demigod47 the Chopper (Minotaur Fighter)            Turns: 3151, Time: 00:04:20

Health: -6/60      AC:  7    Str: 22    XL:     7   Next: 21%
Magic:  6/6        EV: 14    Int:  5    God:
Gold:   170        SH:  4    Dex: 10    Spells: 6/6 levels left

rFire   . . .      SeeInvis .   a - +0 war axe
rCold   . . .      Faith    .   c - +0 buckler
rNeg    . . .      Spirit   .   b - +0 scale mail
rPois   .          Reflect  .   (helmet restricted)
rElec   .          Harm     .   (no cloak)
rCorr   .          Rampage  .   (no gloves)
Will    .....                   (no boots)
Stlth   ..........              (no amulet)
HPRegen 0.20/turn               r - +4 ring of evasion
MPRegen 0.10/turn               (no ring)

@: no status effects
A: horns 2, retaliatory headbutt
a: no special abilities


You were on level 3 of the Dungeon.
You visited 1 branch of the dungeon, and saw 3 of its levels.

You collected 170 gold pieces.

Inventory:

Hand Weapons
 a - a +0 war axe (weapon)
Missiles
 e - 5 poisoned darts
 i - 3 silver javelins (quivered)
Armour
 b - a +0 scale mail (worn)
 c - a +0 buckler (worn)
Jewellery
 r - a +4 ring of evasion (left hand)
Scrolls
 f - a scroll of brand weapon {unknown}
 g - 3 scrolls of teleportation {unknown}
 h - a scroll of fear {unknown}
 j - a scroll of butterflies {unknown}
 k - a scroll of amnesia {unknown}
 l - a scroll of vulnerability {unknown}
 m - 6 scrolls of identify {unknown}
 n - a scroll of magic mapping {unknown}
 o - a scroll of blinking {unknown}
Potions
 d - a potion of might
 p - 3 potions of curing
 q - 2 potions of heal wounds {unknown}


   Skills:
 + Level 4.9 Fighting
 * Level 7.1 Axes
 + Level 5.3 Armour
 + Level 1.9 Dodging
 + Level 0.3 Stealth
 + Level 4.6 Shields


You had 6 spell levels left.
You didn't know any spells.
Your spell library was empty.

Dungeon Overview and Level Annotations

Branches:
Dungeon (3/15)

Altars:
Qazlal
Xom


Innate Abilities, Weirdness & Mutations

You have a pair of horns on your head.
You reflexively headbutt those who attack you in melee.


Message History

A kobold comes into view. It is wielding a +0 short sword.
You block the kobold's attack.
You hit the kobold.
The kobold is moderately wounded.
The kobold hits you but does no damage.
You closely miss the kobold. You headbutt the kobold.
You kill the kobold!
You see here a +0 short sword.
Found a stone staircase leading down.
There is a stone staircase leading down here.
An endoplasm comes into view.
The endoplasm quivers.
The endoplasm hits you.
You slash the endoplasm!
You kill the endoplasm!
Qazlal causes a mighty clap of thunder!
Qazlal incites the elements against you!
A fire elemental and a wind drake come into view.
The wind drake is engulfed in blazing flames.
The wind drake flaps its wings at you. The air twists around and strikes you!
The fire elemental closely misses you. You furiously retaliate!
You headbutt the fire elemental!
The wind drake is engulfed in blazing flames.
The wind drake is engulfed in blazing flames.
The wind drake dies!
The fire elemental barely misses you. x2; You furiously retaliate!
You headbutt the fire elemental. The fire elemental hits you.
The fire elemental burns you! The fire elemental closely misses you.
The fire elemental barely misses you. The fire elemental closely misses you.
The fire elemental hits you. The fire elemental burns you!
The fire elemental closely misses you. The fire elemental hits you.
The fire elemental burns you!
* * * LOW HITPOINT WARNING * * *
The fire elemental hits you. The fire elemental burns you!
* * * LOW HITPOINT WARNING * * *
The fire elemental hits you. The fire elemental burns you!
You die...

#~.~#...#........#..#..#.#####...
#~~~#...#.####.#.#..#..#.#.....##
#~~~#...#.#....#.#..####.#.######
#~~~#...#.#.°....#<.# #.#.# #
#~~~#......○######.#####...# #
##'##....................### #
#........#####○###.###..## #
#........# #☼###.##..## #
#........# #.E@#.##.## #
#........# ###.#.#..# #####
#........# #.....## #....
#....)...# #######...# #....
#........# #........># #....
#........# #.........# #....
#.........# #.... #.........#
#.... #.........# #....


You could see a fire elemental.

Vanquished Creatures
  Sigmund (D:2)
  The ghost of dvd2 the Stinger, an amateur NaVM (D:3)
  A bullfrog (D:3)
  Natasha (thrice) (D:2)
  4 gnolls (D:2)
  9 adders
  A river rat (D:3)
  A dart slug (D:3)
  An orc (D:3)
  5 ball pythons
  5 endoplasms
  4 giant cockroaches
  5 goblins
  4 hobgoblins
  2 quokkas
  5 bats
  3 frilled lizards
  7 kobolds
  5 rats
67 creatures vanquished.

Vanquished Creatures (others)
  A wind drake (D:3)
1 creature vanquished.

Grand Total: 68 creatures vanquished

Notes
Turn   | Place    | Note
-------+----------+-------------------------------------------
     0 | D:1      | Demigod47 the Minotaur Fighter began the quest for the Orb.
     0 | D:1      | Reached XP level 1. HP: 19/19 MP: 0/0
   234 | D:1      | Reached XP level 2. HP: 14/27 MP: 1/1
   885 | D:2      | Reached XP level 3. HP: 31/33 MP: 2/2
   892 | D:2      | Reached skill level 3 in Axes
   900 | D:2      | Reached skill level 1 in Dodging
   905 | D:2      | Reached XP level 4. HP: 16/40 MP: 3/3
  1318 | D:2      | Reached skill level 4 in Axes
  1462 | D:2      | Noticed Sigmund
  1471 | D:2      | Killed Sigmund
  1472 | D:2      | Reached skill level 5 in Axes
  1472 | D:2      | Reached XP level 5. HP: 29/47 MP: 4/4
  1472 | D:2      | Reached XP level 6. HP: 33/53 MP: 5/5
  1801 | D:2      | Noticed Natasha
  1807 | D:2      | Killed Natasha
  2081 | D:2      | Found a shimmering altar of Xom.
  2181 | D:2      | Noticed Natasha
  2281 | D:2      | Killed Natasha
  2378 | D:2      | Noticed Natasha
  2382 | D:2      | Killed Natasha
  2471 | D:3      | Found a faded altar of an unknown god.
  2486 | D:3      | Prayed at the altar of an unknown god.
  2486 | D:3      | Became a worshipper of Qazlal Stormbringer
  2486 | D:3      | Reached * piety under Qazlal
  2492 | D:3      | Fell from the grace of Qazlal
  2625 | D:3      | Found a runed translucent door.
  2634 | D:3      | Noticed dvd2's ghost (amateur NaVM)
  2668 | D:3      | Reached skill level 5 in Armour
  2714 | D:3      | Reached skill level 6 in Axes
  2728 | D:3      | Killed dvd2's ghost
  2729 | D:3      | Reached XP level 7. HP: 52/60 MP: 6/6
  2740 | D:3      | Reached skill level 7 in Axes
  2743 | D:3      | Found a runed translucent door.
  3131 | D:3      | Noticed a fire elemental
  3131 | D:3      | Noticed a wind drake
  3137 | D:3      | Killed a wind drake
  3151 | D:3      | Mangled by a fire elemental

Illustrated notes

Levels and vault maps discovered:
D:1:      dpeg_arrival_erosion, layout_rooms
D:2:      layout_loops_corners, basic_altar, nicolae_figureground_pulse,
          uniq_sigmund, uniq_natasha
D:3:      layout_basic, dreamdust_ecumenical_altar_angels_and_demons,
          ebering_ghost_sewer_f

Skill      XL: |  1  2  3  4  5  6  7 |
---------------+----------------------+-----
Fighting       | 4 |  4.9
Shields        | 4 |  4.6
Axes           | 3 5 6 7 |  7.1
Dodging        | 1 |  1.9
Armour         | 4 5 |  5.3
Stealth        | |  0.3

Action                   |  1- 3 |  4- 6 |  7- 9 || total
-------------------------+-------+-------+-------++-------
Melee: War axe           |    48 |    90 |    32 ||   170
       Headbutt          |     9 |    16 |     5 ||    30
Invok: Renounce Religion |       |     1 |       ||     1
  Use: Potion            |     4 |     1 |       ||     5
Armor: Scale mail        |    25 |    50 |    19 ||    94
Dodge: Dodged            |    29 |    48 |    24 ||   101
Block: Buckler           |    14 |    15 |     4 ||    33
